Map: Backwater LE

Players

Taric - Winner!

  • Race: Terran Terran
  • League: Gold
  • Spawn Location: 11:00

fruitcake

  • Race: Terran Terran
  • Spawn Location: 5:00

VOD

Have the link to the VOD?

Description

Time

  • Played on: May 9, 2018, 5:10 p.m.
  • Length: 18:43
Show
View Real Time Build Order
Export as new Build Order

Taric Terran - Winner!

Build Orders: Reaper Expand, MMM Bio 

Get SALT Encoding   

  12  0:01  SCV  
  13  0:15  SCV  
  13  0:20  Supply Depot  
  14  0:25  Refinery  
  14  0:29  SCV  
  15  0:42  SCV  
  16  0:46  Barracks  
  16  0:54  SCV  
  17  1:06  SCV  
  18  1:18  SCV  
  19  1:32  Orbital Command  
  19  1:33  Reaper  
  20  1:47  Command Center  
  20  1:59  SCV, Supply Depot  
  21  2:12  SCV, Barracks Reactor  
  22  2:21  Refinery  
  22  2:23  Factory  
  22  2:24  SCV  
  23  2:36  SCV  
  24  2:48  SCV  
  24  2:52  Marine  
  24  2:53  Marine  
  26  3:00  SCV  
  27  3:07  Orbital Command  
  27  3:12  Marine x2, SCV  
  30  3:17  Starport  
  33  3:21  Factory Tech Lab  
  33  3:24  SCV  
  31  3:30  Marine  
  31  3:31  Marine  
  33  3:36  SCV  
  33  3:37  SCV  
  35  3:46  Supply Depot  
  38  3:48  SCV  
  38  3:49  SCV  
  38  3:50  Marine x2, Siege Tank  
  42  3:56  Starport Tech Lab  
  42  4:00  SCV  
  42  4:01  SCV  
  44  4:05  Barracks  
  44  4:07  Barracks  
  44  4:13  SCV x2  
  46  4:20  Supply Depot  
  46  4:21  Cloaking Field, Banshee  
  49  4:25  SCV x2  
  51  4:37  SCV x2  
  53  4:44  Command Center  
  53  4:57  SCV x2  
  55  5:00  Supply Depot  
  55  5:02  Supply Depot  
  55  5:03  Barracks Reactor x2, Engineering Bay  
  55  5:05  Marine, Stimpack  
  56  5:09  SCV x2  
  56  5:10  Widow Mine x2  
  62  5:21  SCV x2, Banshee  
  62  5:23  Marine  
  62  5:27  Supply Depot x2  
  68  5:31  Terran Infantry Weapons Level 1  
  68  5:32  Supply Depot  
  53  5:50  Marine x4  
  53  5:55  Widow Mine x2  
  55  6:02  Orbital Command  
  44  6:04  Liberator  
  44  6:16  Widow Mine  
  44  6:17  Widow Mine  
  48  6:24  Marine  
  49  6:47  Marine x3  
  52  6:58  Marine x2  
  54  7:04  Marine  
  50  7:24  Orbital Command, Combat Shields  
  46  7:50  Marine x5  
  54  7:51  Siege Tank  
  54  7:55  SCV x2  
  56  8:01  Supply Depot  
  56  8:07  SCV x2, Medivac  
  56  8:08  Marine x2  
  56  8:09  Marine  
  56  8:10  Marine x2  
  65  8:19  SCV x2  
  67  8:22  Supply Depot  
  67  8:39  SCV, Refinery  
  67  8:40  SCV  
  69  8:41  Refinery  
  69  8:57  Marine  
  69  8:58  Marine x4  
  69  8:59  Siege Tank  
  69  9:00  Medivac  
  64  9:11  Medivac  
  64  9:15  Marine x3  
  69  9:31  Marine x2  
  70  9:33  Marine  
  70  9:34  Command Center  
  70  9:35  Marine, Hellion  
  76  9:40  Infernal Pre-Igniter  
  76  9:42  Command Center  
  75  9:51  Starport  
  75  9:54  Barracks Reactor  
  75  10:04  Marine  
  75  10:05  Marine x3  
  79  10:22  Marine  
  67  10:36  Liberator  
  67  10:42  Marine x5  
  70  10:49  Marine  
  73  10:50  Siege Tank  
  73  10:51  Medivac x2  
  83  10:57  Orbital Command  
  83  10:59  Orbital Command  
  83  11:05  Supply Depot  
  83  11:06  Terran Infantry Armor Level 1  
  83  11:07  Supply Depot  
  83  11:10  Marine x2  
  85  11:14  Marine  
  85  11:15  Marine x2  
  85  11:18  SCV  
  89  11:19  SCV  
  90  11:27  Refinery  
  90  11:29  Refinery  
  90  11:34  Engineering Bay  
  90  11:37  Armory  
  90  11:45  SCV x2  
  90  11:47  SCV  
  93  12:02  Supply Depot  
  93  12:19  Marine x3  
  95  12:22  SCV  
  95  12:23  Marine  
  95  12:24  Marine x2  
  95  12:25  Siege Tank, Medivac  
  95  12:26  Medivac x2, Supply Depot  
  107  12:37  Marine x3  
  94  12:53  Liberator  
  94  12:54  Marine  
  94  12:55  Marine x5  
  88  13:09  Siege Tank, Medivac x2  
  88  13:12  Marine  
  96  13:13  Marine  
  98  13:29  Marine x4  
  98  13:30  Marine  
  98  13:31  Marine  
  104  13:42  Terran Infantry Weapons Level 2, Terran Infantry Armor Level 2  
  104  13:44  Supply Depot  
  104  13:45  Supply Depot  
  104  13:46  Marine  
  104  13:47  Marine x3  
  104  13:48  Marine  
  109  14:04  Liberator  
  102  14:17  Marine x2  
  102  14:18  Marine x4  
  108  14:24  Fusion Core  
  108  14:26  Terran Vehicle Weapons Level 1  
  108  14:27  SCV x2  
  108  14:30  SCV  
  112  14:37  Liberator x2  
  111  14:39  SCV  
  111  14:43  Barracks  
  111  14:44  Barracks  
  112  14:47  Command Center  
  112  14:48  Orbital Command  
  112  14:50  SCV x2  
  112  14:51  SCV, Barracks  
  115  14:56  Marine x3  
  115  14:57  Marine x3  
  127  15:03  Barracks  
  127  15:09  SCV x3  
  127  15:13  Marine  
  131  15:14  Marine  
  131  15:21  SCV  
  128  15:56  Missile Turret  
  128  16:02  Liberator  
  128  16:03  Liberator  
  125  16:14  Marine x3  
  125  16:15  Barracks Reactor x2  
  125  16:16  Barracks Reactor x2  
  125  16:17  Marine x3  
  125  16:18  Siege Tank  
  134  16:22  Battlecruiser, Advanced Ballistics  
  134  16:23  SCV  
  134  16:24  SCV x3, Orbital Command  
  150  16:32  Marine  
  151  16:33  Refinery  
  151  16:38  Refinery  
  150  16:59  Marine  
  150  17:00  Marine x13  
  164  17:11  Liberator x2  
  163  17:17  Marine  
  163  17:18  Marine x8  
  172  17:26  Marine x5  
  183  17:35  Marine  
  183  17:36  Marine x5  
  180  17:39  Marine x3  
  189  18:03  Marine x7  
  189  18:04  Marine x4  
  200  18:17  Command Center  
Show
View Real Time Build Order
Export as new Build Order

fruitcake Terran 

Build Orders: MMM Bio 

Get SALT Encoding   

  12  0:01  SCV  
  13  0:14  Supply Depot  
  13  0:17  SCV  
  14  0:26  Refinery  
  14  0:29  SCV  
  15  0:44  SCV  
  16  0:53  Barracks  
  16  0:56  SCV  
  17  1:08  SCV  
  17  1:11  Barracks  
  18  1:23  SCV  
  19  1:27  Supply Depot  
  19  1:35  SCV  
  20  1:40  Marine  
  21  1:50  SCV  
  22  1:58  Marine  
  23  2:02  Factory  
  23  2:04  SCV  
  24  2:13  Refinery  
  24  2:16  SCV, Barracks Reactor  
  25  2:29  Orbital Command  
  25  2:32  Barracks Tech Lab  
  24  3:06  Marine x2  
  24  3:07  Marauder  
  24  3:12  Factory Tech Lab  
  28  3:24  Marine x2  
  30  3:36  Supply Depot  
  30  3:42  Marine  
  31  3:54  Supply Depot  
  31  3:57  Marine  
  31  3:58  Siege Tank, Marauder  
  31  4:00  Marine  
  31  4:01  Stimpack  
  38  4:08  Engineering Bay  
  38  4:15  Marine  
  39  4:19  Marauder  
  39  4:24  Supply Depot  
  41  4:26  Marine  
  42  4:32  Supply Depot  
  42  4:33  Marine  
  43  4:41  Marauder  
  43  4:43  Terran Infantry Weapons Level 1  
  43  4:44  Marine  
  46  4:57  Marine  
  47  5:02  Marine, Marauder  
  53  5:09  Cyclone  
  53  5:24  Marauder  
  53  5:25  Supply Depot  
  55  5:41  Cyclone  
  58  5:45  Marauder  
  58  5:48  Supply Depot  
  52  6:10  Marine  
  52  6:11  Marine, Marauder  
  56  6:13  Cyclone  
  44  6:28  Marine  
  45  6:32  Marauder  
  45  6:35  SCV  
  41  6:47  SCV  
  41  6:54  Marauder  
  44  6:59  SCV  
  45  7:07  Marine x2  
  47  7:15  Marauder  
  48  7:18  Missile Turret  
  39  7:25  Marine  
  39  7:29  Marine  
  40  7:37  Marauder  
  40  7:42  Marine  
  41  7:47  Marine  
  41  7:49  Missile Turret  
  42  7:58  Marauder  
  44  8:00  Marine  
  44  8:05  Marine  
  45  8:12  Command Center  
  46  8:18  Refinery  
  46  8:19  Marauder  
  48  8:22  Terran Infantry Armor Level 1  
  48  8:40  SCV  
  48  8:41  Marauder  
  51  8:46  Supply Depot  
  53  8:48  Widow Mine  
  53  8:51  Marine  
  53  8:52  SCV, Marine  
  53  9:21  Marine  
  53  9:22  Marine, Marauder  
  57  9:35  SCV x2  
  59  9:39  Marine x2  
  59  9:43  Marauder  
  63  9:47  SCV  
  63  9:51  Missile Turret  
  64  9:57  Marine  
  64  9:59  Marine  
  66  10:05  Marauder  
  68  10:07  Combat Shields  
  68  10:13  Missile Turret  
  68  10:15  Marine  
  68  10:19  Marine  
  68  10:20  Refinery  
  70  10:21  Refinery  
  70  10:26  Marine  
  68  10:33  Marine  
  40  10:37  Marine  
  29  10:44  Marauder  
  31  10:50  Marine  
  31  10:53  Siege Tank  
  31  10:55  Marine  
  31  10:56  SCV  
  37  11:05  Marauder  
  37  11:08  SCV, Marine  
  37  11:10  Starport  
  41  11:19  SCV  
  41  11:22  SCV  
  41  11:25  Siege Tank  
  46  11:31  SCV  
  47  11:34  SCV  
  48  11:43  SCV  
  48  11:46  SCV  
  50  11:57  Siege Tank  
  50  11:58  SCV  
  50  12:00  Marauder  
  56  12:03  Concussive Shells  
  56  12:10  SCV  
  56  12:14  SCV  
  58  12:22  SCV  
  59  12:24  Marine  
  59  12:25  Marine, Marauder  
  59  12:26  SCV  
  64  12:34  SCV  
  65  12:42  Marine x2  
  67  12:46  Marauder  
  64  13:00  Marine x2  
  66  13:08  Marauder  
  56  13:18  Marine x2  
  43  13:29  Marauder  
  43  13:32  Command Center  
  45  13:36  Marine x2  
  45  13:38  Siege Tank  
  50  13:44  Liberator  
  50  13:51  Marauder  
  50  13:53  Marine  
  50  13:54  Marine  
  54  13:58  SCV x2  
  57  14:11  Marine x2  
  57  14:12  Marauder  
  57  14:27  Liberator  
  57  14:29  Marine x2  
  59  14:33  Marauder  
  59  14:34  Siege Tank  
  64  14:41  SCV  
  64  14:45  SCV  
  70  14:47  Marine x2  
  70  14:51  Orbital Command  
  71  14:53  SCV  
  71  14:54  Marine  
  71  14:57  SCV  
  74  15:05  Marine x2, SCV  
  77  15:09  SCV  
  77  15:10  Liberator  
  77  15:13  Marauder  
  80  15:17  SCV  
  78  15:23  Marine  
  79  15:33  SCV x2  
  79  15:34  SCV, Marauder  
  84  15:38  Siege Tank  
  87  15:45  SCV  
  88  15:51  SCV x2, Refinery  
  88  15:53  Liberator  
  89  16:10  Siege Tank  
  85  16:13  SCV  
  85  16:16  Refinery  
  86  16:23  Sensor Tower, SCV  
  87  16:25  SCV  
  88  16:35  Marine x2, SCV  
  88  16:36  Marauder  
  93  16:42  Starport  
  93  16:43  Starport  
  93  16:46  Fusion Core  
  93  16:56  Supply Depot  
  93  17:07  Marine  
  93  17:08  Marine, Siege Tank, Marauder  
  93  17:18  Supply Depot  
  93  17:24  Marine  
  93  17:25  Marine  
  93  17:29  Marauder  
  94  17:40  Siege Tank  
  94  17:41  Supply Depot  
  94  17:42  Marine  
  94  17:43  Starport Tech Lab  
  94  17:44  Starport Reactor x2  
  98  17:48  Marine  
  98  17:50  Marauder  
  101  18:00  Marine  
  102  18:06  Marine  
  102  18:12  Medivac, Marauder  
  105  18:18  Marine  
Tags
 
Composition
MMM BioMMM Bio
League
Gold
Matchup
TvT
Race
Terran
Spawn Locations
Cross Positions
Add a new tag
Caveats
  • Supply blocks, unpowered buildings, or Contaminate may cause inaccurate times.
  • Supply counts are checked every 10 seconds.